AoeStats
← Nitro Nick

Lombardia

508705688Analyzed
3v3 RM · 10d ago on Sep 23, 2026· 25m 25s· 6 players
Game mode
Random Map
Map size
Normal (6 player)
Population
200
Speed
Normal
Resources
Standard
Victory
Conquest
Starting age
Dark Age
Ending age
Imperial Age
RankedLock teamsTeams togetherTeam positionsShared explorationLock speedFull tech treeHidden civsTurbo modeCheats
Victory
Defeat
🇨🇿 Magyars · Czechia
1143
+11
🇨🇿 Hindustanis · Czechia
1028
+16
🇨🇿 Varangians · Czechia
998
+18
🇧🇪 Dravidians · Belgium
1030
-15
🇳🇴 Jurchens · Norway
1029
-15
🇩🇪 Romans · Germany
1029
-15
Lobii
7:51 Loom
12:44 Feudal Age
13:17 Double-Bit Axe
13:14 Horse Collar
22:44 Castle Age
occido
11:43 Feudal Age
12:55 Double-Bit Axe
15:29 Castle Age
14:21 Horse Collar
18:13 Wheelbarrow
20:50 Loom
23:10 Gold Mining
23:22 Heavy Plow
23:26 Fletching
24:12 Padded Archer Armor
24:27 Bow Saw
Nitro Nick
10:20 Feudal Age
17:03 Scale Mail Armor
17:48 Double-Bit Axe
22:50 Castle Age
25:28 Squires
Donki
6:18 Loom
9:08 Feudal Age
10:16 Double-Bit Axe
17:09 Horse Collar
21:15 Castle Age
19:45 Scale Barding Armor
20:41 Bloodlines
24:12 Bow Saw
25:49 Gold Mining
DartPlayerCZ
7:28 Loom
11:14 Feudal Age
12:37 Horse Collar
15:26 Castle Age
13:14 Horse Collar
13:24 Double-Bit Axe
14:44 Loom
21:26 Wheelbarrow
22:42 Hand Cart
24:10 Stone Mining
25:16 Heavy Plow
25:27 Bow Saw
Abraham
5:00 Loom
11:20 Feudal Age
12:05 Double-Bit Axe
12:01 Horse Collar
14:01 Bloodlines
15:18 Wheelbarrow
19:35 Castle Age
19:53 Bloodlines
19:56 Scale Barding Armor
24:16 Forging
Connection lost

Rejoining the realm…

Still unreachable

The connection could not be restored.

Session expired

The server has moved on; the page needs a fresh start.